 Dungeon Crawl Stone Soup version 0.18-a0-1784-ga939a68 (webtiles) character file.

130 Moloch the Sneak (level 4, -3/21 HPs)
             Began as a Spriggan Enchanter on Apr 17, 2016.
             Slain by a killer bee (9 damage)
             ... on level 3 of the Dungeon on Apr 18, 2016.
             The game lasted 00:07:16 (2155 turns).

Moloch the Sneak (Spriggan Enchanter)               Turns: 2155, Time: 00:07:18

Health: -3/21      AC:  3    Str:  4    XL:     4   Next: 89%
Magic:  7/10       EV: 18    Int: 17    God:
Gold:   65         SH:  0    Dex: 16    Spells: 2 memorised, 7 levels left

rFire  . . .     SeeInvis +     r - +2 dagger (venom)
rCold  . . .     Gourm    .     b - +1 robe
rNeg   . . .     Faith    .     (shield restricted)
rPois  .         Spirit   .     (helmet restricted)
rElec  .         Dismiss  .     (no cloak)
rCorr  .         Reflect  .     (gloves unavailable)
SustAt .         Harm     .     (boots unavailable)
MR     .....                    (no amulet)
Stlth  ++++......               (no ring)
                                s - ring of wizardry

@: lethally poisoned (-3 -> -11), very quick, not resistant to hostile
enchantments, stealthy
A: unfitting armour, see invisible, herbivore 3, speed 3, slow metabolism 2
a: no special abilities


You were on level 3 of the Dungeon.
You were not hungry.

You visited 1 branch of the dungeon, and saw 3 of its levels.

You collected 65 gold pieces.

Inventory:

Hand Weapons
 r - a +2 dagger of venom (weapon)
Missiles
 t - 5 curare-tipped needles
Armour
 b - a +1 robe (worn)
Jewellery
 p - a +3 ring of evasion {unknown}
 s - a ring of wizardry (left hand)
Wands
 u - a wand of slowing (9/48)
 v - a wand of digging (16/24)
Scrolls
 e - a scroll of teleportation {unknown}
 j - 3 scrolls of remove curse {unknown}
 n - a scroll of fog {unknown}
 o - 2 scrolls of identify {unknown}
Potions
 a - 3 potions of brilliance {unknown}
 f - a potion of invisibility {unknown}
 g - 4 potions of resistance {unknown}
 i - a potion of curing {unknown}
 k - 3 potions of magic {unknown}
 l - a potion of cancellation {unknown}
 m - a potion of lignification {unknown}
 q - 2 potions of experience {unknown}
Books
 c - a book of Maledictions

   Spells                             Type                      Level
   a - Corona                         Hexes                        1
   b - Ensorcelled Hibernation        Hexes/Ice                    2
   c - Confuse                        Hexes                        3
   d - Tukima's Dance                 Hexes                        3
   e - Dazzling Spray                 Conjuration/Hexes            3
Comestibles
 d - 4 bread rations
 h - 5 fruits


   Skills:
 - Level 1.1 Short Blades
 - Level 3.0 Dodging
 + Level 7.3 Stealth
 * Level 3.6 Spellcasting
 + Level 4.4 Hexes


You had 7 spell levels left.
You knew the following spells:

 Your Spells              Type           Power        Failure   Level  Hunger
a - Corona                Hex            ###....      1%          1    None
b - Ensorcelled Hibernat  Hex/Ice        ##....       4%          2    ##.....


Dungeon Overview and Level Annotations

Branches:
Dungeon (3/15)

Altars:
Qazlal
Vehumet


Innate Abilities, Weirdness & Mutations

You are tiny and cannot use many weapons and most armour.
You have supernaturally acute eyesight.
You are a herbivore.
You cover ground extremely quickly.
You need consume almost no food.


Message History

Press: ? - help, Shift-Dir - straight line, f/p - killer bee
Aim: a killer bee (chance to defeat MR: 65%)
The killer bee is outlined in light.
The killer bee stings you but does no damage.
The killer bee misses you.
You barely miss the killer bee. The killer bee closely misses you.
The killer bee barely misses you.
You closely miss the killer bee. The killer bee stings you!
The killer bee misses you.
You hit the killer bee but do no damage.
The killer bee is poisoned.
The killer bee misses you. x2
Drink which item? (? for menu, Esc to quit)
Okay, then.
You miss the killer bee.
The killer bee is lightly wounded.
The killer bee stings you!
* * * LOW HITPOINT WARNING * * *
You are lethally poisoned!
The killer bee poisons you! The killer bee stings you!
You die...

#.......# ##..........#
#.......####..........#
#.....................#
#####.................#
#.................#
#...........).....##
#............(....#.
###############(.†.......#.
#.......yy@.....##########.
#.########################.
#.#######...............##.
###.##.........#.#.######.##.
#..............#.#.# #.###
##..#..........#.#.# #.###
#yy#..........#.#.# #....
#..#.#####.####.#.### #####
#..#.# #.####......


You could see 2 killer bees.

Vanquished Creatures
  Jessica (D:3)
  Terence (D:3)
  A gnoll (D:1)
  3 adders (D:3)
  A giant gecko (D:3)
  3 orcs (D:3)
  A giant cockroach (D:3)
  4 goblins
  3 hobgoblins
  A quokka (D:3)
  3 ball pythons
  6 bats
  2 giant newts (D:2)
  6 kobolds
  6 rats
42 creatures vanquished.

Notes
Turn   | Place    | Note
--------------------------------------------------------------
     0 | D:1      | Moloch the Spriggan Enchanter began the quest for the Orb.
     0 | D:1      | Reached XP level 1. HP: 9/9 MP: 5/5
   192 | D:1      | Reached XP level 2. HP: 8/13 MP: 6/6
   198 | D:1      | Learned a level 2 spell: Ensorcelled Hibernation
   307 | D:1      | Reached skill level 5 in Stealth
   671 | D:2      | Reached XP level 3. HP: 16/16 MP: 8/8
   977 | D:2      | Found a radiant altar of Vehumet.
  1267 | D:3      | Found a stormy altar of Qazlal.
  1270 | D:3      | Noticed Jessica
  1579 | D:3      | Reached skill level 6 in Stealth
  1585 | D:3      | Upgraded the game from 0.18-a0-1782-gb76a692 to 0.18-a0-1784-ga939a68
  1659 | D:3      | Killed Jessica
  1659 | D:3      | Reached XP level 4. HP: 21/21 MP: 4/9
  1942 | D:3      | Noticed Terence
  1947 | D:3      | Killed Terence
  1947 | D:3      | Reached skill level 7 in Stealth
  2155 | D:3      | Slain by a killer bee

Vault maps used:
D:1:      minmay_arrival_five_plusses
D:2:      lemuel_round_altar, first_bread
D:3:      old_standard_altar, uniq_jessica, uniq_iyjb, uniq_sigmund,
          uniq_terence

Skill      XL: |  1  2  3  4 |
---------------+-------------+-----
Stealth        | 5 6 7 |  7.3
Spellcasting   | 3 |  3.6
Hexes          | 4 |  4.4
Short Blades   | |  1.1
Dodging        | |  3.0

Action                   |  1- 3 |  4- 6 || total
-------------------------+-------+-------++-------
Melee: Dagger            |    51 |    26 ||    77
 Cast: Corona            |     3 |     3 ||     6
       Ensorcelled Hiber |     6 |     7 ||    13
 Stab: Sleeping          |    17 |     7 ||    24
       Distracted        |       |     1 ||     1
Armor: Robe              |     8 |     3 ||    11
Dodge: Dodged            |    21 |    16 ||    37
